AoeStats
← MrAdrianz

Scandinavia

511784080Analyzed
1v1 RM · 12d ago on Oct 6, 2026· 32m 35s· 2 players
Game mode
Random Map
Map size
Tiny (2 player)
Population
200
Speed
Normal
Resources
Standard
Victory
Conquest
Starting age
Dark Age
Ending age
Imperial Age
RankedLock teamsTeams togetherTeam positionsShared explorationLock speedFull tech treeHidden civsTurbo modeCheats
Victory
Defeat
🇰🇪 Lithuanians · Kenya
580
+17
vs
🇵🇹 Byzantines · Portugal
601
-36
klaudeon
10:09 Feudal Age
8:26 Loom
12:23 Double-Bit Axe
17:26 Castle Age
15:59 Fishing Lines
16:39 Forging
17:08 Horse Collar
22:13 Bloodlines
23:58 Gold Mining
27:17 Gillnets
32:19 Imperial Age
MrAdrianz
9:38 Loom
12:19 Feudal Age
12:46 Horse Collar
13:53 Wheelbarrow
14:59 Fishing Lines
15:13 Double-Bit Axe
19:22 Scale Mail Armor
19:34 Forging
19:19 Gold Mining
22:58 Castle Age
22:29 Scale Barding Armor
22:17 Fletching
22:54 Stone Mining
23:30 Padded Archer Armor
24:21 Bow Saw
29:37 Chain Mail Armor
28:46 Pikeman
29:28 Squires
30:19 Scale Barding Armor
Connection lost

Rejoining the realm…

Still unreachable

The connection could not be restored.

Session expired

The server has moved on; the page needs a fresh start.